 Dungeon Crawl Stone Soup version 0.25.1-2-g60ff931df9 (webtiles) character file.

Game seed: 18176072920651405273

2312 amazingginsu the Protected (level 9, -5/75 HPs)
             Began as a Minotaur Fighter on Nov 5, 2020.
             Was an Elder of Elyvilon.
             Slain by an ogre
             ... wielding the +9 great mace "Lureaza" {flame, rPois rC+}
              (17 damage)
             ... on level 3 of the Dungeon.
             The game lasted 01:02:35 (7739 turns).

amazingginsu the Protected (Minotaur Fighter)       Turns: 7739, Time: 01:02:35

Health: -5/75      AC: 10    Str: 20    XL:     9   Next: 18%
Magic:  8/8        EV: 14    Int:  5    God:    Elyvilon [****..]
Gold:   161        SH: 11    Dex: 14    Spells: 8/8 levels left

rFire    + . .     SeeInvis .   a - +0 war axe
rCold    x . .     Gourm    .   c - +0 kite shield
rNeg     . . .     Faith    .   b - +0 scale mail
rPois    .         Spirit   .   (helmet restricted)
rElec    .         Reflect  .   k - +1 cloak
rCorr    .         Harm     .   (no gloves)
MR       .....                  (no boots)
Stlth    +.........             B - amulet of magic regeneration
HPRegen  0.22/turn              y - +4 ring of evasion
MPRegen  0.36/turn              z - ring of fire

@: no status effects
A: retaliatory headbutt, horns 2
a: Lesser Healing, Heal Other, Purification, Greater Healing, Divine Protection,
Renounce Religion


You were on level 3 of the Dungeon.
You worshipped Elyvilon.
Elyvilon was greatly pleased with you.
You were not hungry.

You visited 2 branches of the dungeon, and saw 7 of its levels.

You collected 161 gold pieces.

Inventory:

Hand Weapons
 a - a +0 war axe (weapon)
 v - a +0 falchion
 x - a +0 vorpal falchion
Armour
 b - a +0 scale mail (worn)
 c - a +0 kite shield (worn)
 k - a +1 cloak (worn)
 C - a +3 leather armour of fire resistance
Jewellery
 y - a +4 ring of evasion (left hand)
 z - a ring of fire (right hand)
 B - an amulet of magic regeneration (around neck)
Scrolls
 g - a scroll of identify
 i - 5 scrolls of enchant armour
 l - 5 scrolls of teleportation
 n - 4 scrolls of remove curse
 q - a scroll of magic mapping
 u - a scroll of fog
 A - a scroll of blinking
Potions
 d - a potion of stabbing {unknown}
 e - 2 potions of flight {unknown}
 h - 3 potions of lignification {unknown}
 j - 3 potions of magic
 m - 3 potions of heal wounds {unknown}
 o - a potion of cancellation {unknown}
 p - a potion of resistance {unknown}
 r - 2 potions of invisibility {unknown}
 s - 3 potions of curing {unknown}
 w - a potion of degeneration {unknown}
Comestibles
 f - 10 rations


   Skills:
 + Level 5.8 Fighting
 + Level 6.5 Long Blades
 + Level 6.2 Axes
 + Level 8.1 Armour
 + Level 3.5 Dodging
 + Level 1.8 Stealth
 + Level 7.1 Shields


You had 8 spell levels left.
You didn't know any spells.
Your spell library contained the following spells:

 Spells                   Type           Power        Failure   Level  Hunger
 Magic Dart               Conj           #...         98%         1    ##.....
 Blink                    Tloc           N/A          99%         2    ###....
 Call Imp                 Summ           #.......     99%         2    ###....
 Slow                     Hex            #.......     99%         2    ###....
 Conjure Flame            Conj/Fire      #.......     100%        3    ####...
 Mephitic Cloud           Conj/Pois/Air  #.......     100%        3    ####...


Dungeon Overview and Level Annotations

Branches:
Dungeon (6/15)             Temple (1/1) D:4

Altars:
Ashenzari
Cheibriados
Elyvilon
Fedhas
Gozag
Hepliaklqana
Makhleb
Nemelex Xobeh
Okawaru
Ru
Trog
Uskayaw
Vehumet
Wu Jian
Xom
Yredelemnul
Zin

Annotations:
D:3 1 transporter
D:6 exclusion: statue


Innate Abilities, Weirdness & Mutations

You reflexively headbutt those who attack you in melee.
You have a pair of horns on your head.


Message History

You headbutt the ogre.
The ogre is moderately wounded.
You block the ogre's attack.
You hit the ogre. Your headbutt misses the ogre.
The ogre is moderately wounded.
You block the ogre's attack.
You slash the ogre!
The ogre is severely wounded.
The ogre hits you with the +9 great mace "Lureaza" {flame, rPois rC+}!
The ogre burns you.
You hit the ogre. Your headbutt misses the ogre.
The ogre is almost dead.
The ogre hits you with the +9 great mace "Lureaza" {flame, rPois rC+}!!
* * * LOW HITPOINT WARNING * * *
The ogre burns you.
* * * LOW HITPOINT WARNING * * *
You closely miss the ogre. You headbutt the ogre.
The ogre is almost dead.
The ogre hits you with the +9 great mace "Lureaza" {flame, rPois rC+}!
You die...

...######.#..##..#...............
.......##.#.#..#.################
##.###.##.#.#..#.#
.....#...©#$.##.?#
.....#....#$....©#
.....#.#.©#..##..#
.....#)##.#.#..#.#
........#.#.#..#O#
######..#.#..##.@#
#≈≈≈.##.#.#.....©#
##≈≈≈.#.#.########
#∩_...'........# ##≈≈≈.#.....<..#
#≈≈≈.##........# ######.........#
#.........# #.........#


You could see an ogre.

Vanquished Creatures
  Sigmund (D:6)
  Eustachio (D:4)
  Menkaure (D:6)
  Duvessa (D:6)
  A black bear (D:6)
  3 ogres
  A phantom (D:4)
  2 centaurs (D:5)
  The ghost of Anlio the Sneak, an amateur VSAs (D:3)
  2 bullfrogs (D:6)
  Dowan (D:6)
  A howler monkey (D:5)
  4 crimson imps
  2 quasits
  2 hounds (D:4)
  An orc priest (D:4)
  A jelly (D:4)
  A bullfrog skeleton (D:5)
  2 iguanas
  4 worker ants
  6 orc wizards
  A killer bee zombie (D:5)
  A worker ant zombie (D:5)
  A howler monkey zombie (D:5)
  A gnoll (D:1)
  A howler monkey skeleton (D:4)
  4 adders
  A shadow imp (D:6)
  An ooze (D:1)
  An adder zombie (D:6)
  An adder skeleton (D:4)
  5 worms
  3 leopard geckos (D:4)
  23 orcs
  9 bats
  6 giant cockroaches
  10 goblins
  5 hobgoblins
  2 jackals (D:3)
  A quokka (D:4)
  2 ball pythons
  5 frilled lizards
  A giant cockroach zombie (D:6)
  11 kobolds
  A leopard gecko skeleton (D:4)
  9 rats
145 creatures vanquished.

Notes
Turn   | Place    | Note
-------+----------+-------------------------------------------
     0 | D:1      | amazingginsu the Minotaur Fighter began the quest for the
                  | Orb.
     0 | D:1      | Reached XP level 1. HP: 19/19 MP: 0/0
   341 | D:1      | Reached XP level 2. HP: 27/27 MP: 1/1
   526 | D:1      | Reached skill level 4 in Armour
   665 | D:1      | Reached XP level 3. HP: 31/33 MP: 2/2
  1037 | D:2      | Found a white marble altar of Elyvilon.
  1070 | D:2      | Became a worshipper of Elyvilon the Healer
  1384 | D:2      | Reached * piety under Elyvilon
  1865 | D:3      | Reached XP level 4. HP: 40/40 MP: 3/3
  2050 | D:3      | Found an opulent altar of Gozag.
  2133 | D:3      | Reached skill level 5 in Armour
  2182 | D:3      | Reached XP level 5. HP: 44/47 MP: 4/4
  2266 | D:3      | Found a transporter.
  2266 | D:3      | Noticed Anlio's ghost (amateur VSAs)
  2266 | D:3      | Identified the +9 great mace "Lureaza" {flame, rPois rC+}
  2266 | D:3      | Noticed an ogre
  2267 | D:3      | Noticed an ogre
  2274 | D:3      | Found a transporter.
  2277 | D:3      | Found a burning altar of Makhleb.
  2286 | D:3      | Reached skill level 1 in Stealth
  2469 | D:3      | Reached ** piety under Elyvilon
  3087 | D:4      | Reached XP level 6. HP: 35/53 MP: 5/5
  3208 | D:4      | Reached skill level 1 in Dodging
  3260 | D:4      | Reached skill level 5 in Axes
  3370 | D:4      | Found a staircase to the Ecumenical Temple.
  3391 | D:4      | Reached skill level 5 in Shields
  3391 | D:4      | Reached XP level 7. HP: 35/60 MP: 6/6
  3397 | Temple   | Entered the Ecumenical Temple
  3601 | D:4      | Reached skill level 1 in Long Blades
  4155 | D:4      | Reached skill level 6 in Armour
  4800 | D:5      | Entered Level 5 of the Dungeon
  4916 | D:5      | Found a sparkling altar of Nemelex Xobeh.
  4988 | D:5      | Reached XP level 8. HP: 50/67 MP: 7/7
  5116 | D:5      | Reached *** piety under Elyvilon
  5212 | D:5      | Reached skill level 5 in Fighting
  5701 | D:6      | Noticed Sigmund
  5722 | D:6      | Noticed Dowan
  5723 | D:6      | Noticed Duvessa
  5827 | D:6      | Noticed Menkaure
  5895 | D:6      | Killed Dowan
  5895 | D:6      | Reached skill level 5 in Long Blades
  5915 | D:6      | Killed Duvessa
  6262 | D:6      | Killed Sigmund
  6262 | D:6      | Reached skill level 7 in Armour
  6436 | D:6      | Found a radiant altar of Vehumet.
  6958 | D:6      | Found a shimmering altar of Xom.
  6972 | D:6      | Killed Menkaure
  6972 | D:6      | Reached XP level 9. HP: 75/75 MP: 8/8
  6998 | D:6      | Reached **** piety under Elyvilon
  7031 | D:6      | Found an iron altar of Okawaru.
  7526 | D:4      | Noticed Eustachio
  7571 | D:4      | Killed Eustachio
  7571 | D:4      | Reached skill level 8 in Armour
  7727 | D:3      | Killed Anlio's ghost
  7739 | D:3      | Slain by an ogre

Illustrated notes

Levels and vault maps discovered:
D:1:      wheals_arrival_linesprint, layout_loops_ring, columned_hall_lemuel
D:2:      layout_basic, lemuel_doored_altar, serial_park_tiny_pond
D:3:      layout_basic, nicolae_gozag_seed_capital, makhleb_grotto_becter,
          gammafunk_ghost_smash, first_ration
D:4:      layout_loops_ring, minmay_temple_entry_poolview,
          minmay_misc_feat_alley, st_stairs_3, minmay_pentomino_pile,
          uniq_eustachio
D:5:      layout_cave_pods, nemelex_xobeh_ov_fountains_minmay,
          chequers_mini_garden
D:6:      layout_cave_pods, vehumet_statue, okawaru_metal_pillars_3,
          xom_teletrap_fun, minivault_11, st_stairs_11, uniq_duvessa,
          uniq_sigmund, uniq_menkaure
Temple:   compressed_dpeg_circular_temple

Skill      XL: |  1  2  3  4  5  6  7  8  9 |
---------------+----------------------------+-----
Armour         | 4 5 6 7 8 |  8.1
Fighting       | 4 5 |  5.8
Shields        | 4 5 6 7 |  7.1
Axes           | 3 4 5 6 |  6.2
Stealth        | 1 |  1.8
Dodging        | 1 2 3 |  3.5
Long Blades    | 4 6 |  6.5

Action                   |  1- 3 |  4- 6 |  7- 9 || total
-------------------------+-------+-------+-------++-------
Melee: War axe           |    76 |   103 |    50 ||   229
       Headbutt          |    13 |    23 |    69 ||   105
       Falchion          |       |    66 |   258 ||   324
       Scythe            |       |       |     3 ||     3
  Use: Scroll            |       |       |    12 ||    12
       Potion            |       |       |     2 ||     2
  Eat: Ration            |     1 |     2 |     4 ||     7
Armor: Scale mail        |    37 |    62 |   126 ||   225
Dodge: Dodged            |    28 |    51 |   136 ||   215
Block: Kite shield       |    43 |    69 |   156 ||   268
       Rpst.: Falchion   |       |     6 |    18 ||    24
